Map: 블랙번 - 래더

Players

Creator

  • Race: Protoss Protoss

DRG - Winner!

  • Race: Zerg Zerg

Event: DreamHack SC2 Masters Last Chance 2022

VOD

Have the link to the VOD?

Description

Time

  • Played on: Dec. 15, 2021, 6:17 a.m.
  • Length: 16:41

All games in this series

Show
View Real Time Build Order
Export as new Build Order

Creator Protoss 

Build Orders: 1 Gate Expand, Oracle Opening 

Get SALT Encoding   

  12  0:00  Probe  
  13  0:14  Pylon  
  13  0:18  Probe (Chrono Boost)  
  14  0:27  Probe (Chrono Boost)  
  15  0:32  Probe (Chrono Boost)  
  16  0:38  Gateway  
  16  0:44  Probe  
  16  0:48  Assimilator  
  17  0:56  Probe  
  18  1:08  Probe  
  19  1:20  Probe  
  20  1:28  Nexus  
  20  1:38  Cybernetics Core  
  20  1:39  Probe  
  21  1:45  Assimilator  
  21  1:52  Probe  
  22  1:56  Pylon  
  22  2:04  Probe  
  23  2:14  Adept (Chrono Boost)  
  25  2:16  Probe  
  25  2:19  Stargate  
  26  2:27  Warp Gate  
  26  2:28  Probe  
  27  2:35  Adept (Chrono Boost)  
  27  2:40  Probe (Chrono Boost)  
  31  2:46  Probe (Chrono Boost)  
  31  2:50  Probe (Chrono Boost)  
  32  2:54  Probe (Chrono Boost)  
  32  2:55  Probe (Chrono Boost)  
  32  2:56  Void Ray (Chrono Boost)  
  32  2:57  Adept (Chrono Boost)  
  40  3:11  Probe  
  41  3:13  Probe  
  42  3:21  Pylon  
  42  3:26  Gateway  
  42  3:30  Probe x2  
  44  3:37  Oracle (Chrono Boost)  
  47  3:42  Probe x2  
  49  3:56  Nexus  
  49  3:59  Probe  
  49  4:02  Pylon  
  50  4:04  Probe  
  51  4:12  Probe  
  51  4:16  Probe  
  53  4:17  Assimilator  
  53  4:20  Assimilator  
  54  4:24  Probe (Chrono Boost), Stargate  
  54  4:27  Protoss Air Weapons Level 1  
  54  4:33  Pylon  
  54  4:36  Probe (Chrono Boost)  
  54  4:37  Probe (Chrono Boost)  
  56  4:38  Forge  
  56  4:44  Adept  
  56  4:45  Probe (Chrono Boost)  
  60  4:47  Probe (Chrono Boost)  
  60  4:49  Pylon  
  60  4:50  Stalker, Void Ray  
  66  5:02  Shield Battery  
  66  5:06  Void Ray, Probe x2  
  68  5:10  Probe  
  73  5:18  Robotics Facility  
  73  5:22  Probe x2 (Chrono Boost)  
  73  5:25  Probe (Chrono Boost)  
  76  5:34  Probe x2 (Chrono Boost)  
  79  5:36  Probe (Chrono Boost)  
  79  5:39  Pylon  
  79  5:40  Probe x2 (Chrono Boost)  
  79  5:41  Probe (Chrono Boost)  
  82  5:47  Void Ray  
  82  5:48  Probe  
  82  5:49  Probe  
  84  5:50  Assimilator  
  84  5:51  Assimilator, Probe  
  84  5:53  Void Ray  
  89  6:02  Photon Cannon  
  93  6:05  Probe (Chrono Boost)  
  93  6:07  Observer, Probe x2 (Chrono Boost)  
  93  6:10  Robotics Bay  
  97  6:17  Probe (Chrono Boost)  
  100  6:19  Twilight Council  
  100  6:22  Pylon  
  100  6:23  Probe x2 (Chrono Boost)  
  100  6:24  Probe (Chrono Boost)  
  101  6:26  Pylon  
  101  6:34  Photon Cannon  
  101  6:37  Void Ray  
  101  6:38  Fleet Beacon  
  101  6:40  Probe x2  
  107  6:48  Pylon  
  107  6:56  Disruptor  
  107  6:58  Probe x2  
  107  6:59  Nexus, Probe  
  113  7:04  Void Ray  
  113  7:10  Stargate  
  113  7:11  Zealot  
  113  7:15  Probe x3  
  120  7:16  Photon Cannon  
  120  7:19  Photon Cannon  
  120  7:22  Shield Battery  
  119  7:26  Observer  
  119  7:28  Photon Cannon, Shield Battery  
  119  7:29  Void Ray (Chrono Boost)  
  123  7:32  Probe x2  
  123  7:35  Pylon  
  125  7:44  Void Ray (Chrono Boost)  
  125  7:49  Disruptor (Chrono Boost)  
  125  7:53  Probe  
  125  7:55  Protoss Air Weapons Level 2 (Chrono Boost)  
  133  7:59  Shield Battery  
  133  8:00  Photon Cannon, Shield Battery  
  133  8:02  Shield Battery  
  133  8:06  Void Ray (Chrono Boost)  
  133  8:07  Void Ray (Chrono Boost), Observer  
  133  8:10  Charge  
  141  8:16  Observer  
  141  8:18  Disruptor  
  144  8:20  Void Ray, Gateway  
  144  8:22  Gateway  
  144  8:24  Assimilator  
  148  8:27  Assimilator  
  148  8:33  Gateway x2  
  148  8:44  Shield Battery  
  148  8:45  Pylon  
  148  8:46  Templar Archives  
  148  8:48  Gateway  
  148  8:50  Gateway, Pylon  
  148  8:51  Pylon  
  148  8:54  Photon Cannon  
  148  9:03  Probe  
  148  9:07  Void Ray  
  148  9:08  Void Ray x2  
  149  9:10  Stalker, Sentry  
  149  9:13  Disruptor (Chrono Boost)  
  166  9:19  Shield Battery  
  160  9:33  Zealot  
  158  9:41  Zealot x5  
  158  9:42  Disruptor (Chrono Boost)  
  158  9:45  Void Ray (Chrono Boost)  
  171  9:50  Void Ray (Chrono Boost)  
  164  9:58  Observer  
  164  9:59  Stalker x3  
  152  10:05  High Templar x2  
  152  10:06  Zealot x3  
  154  10:10  Archon  
  154  10:11  Protoss Ground Weapons Level 1 (Chrono Boost)  
  154  10:15  Warp Prism (Chrono Boost), Gateway  
  154  10:16  Gateway  
  156  10:23  Protoss Air Armor Level 1  
  147  10:41  High Templar x2  
  149  10:46  Pylon  
  149  10:47  Archon  
  149  10:51  Pylon  
  149  10:52  Nexus, Pylon  
  149  10:53  Pylon  
  149  10:54  Pylon  
  149  10:55  Pylon  
  149  10:58  Void Ray  
  149  11:03  Disruptor (Chrono Boost)  
  156  11:07  Pylon x2  
  156  11:11  Pylon  
  151  11:22  High Templar x2  
  151  11:23  Stalker x5  
  156  11:32  Nexus  
  150  11:34  Archon  
  150  11:37  Stalker x2, Sentry  
  150  11:39  Disruptor (Chrono Boost)  
  159  12:00  Disruptor (Chrono Boost)  
  154  12:04  Zealot x4  
  114  12:17  High Templar x2  
  114  12:18  Zealot x4  
  114  12:22  Archon  
  121  12:30  Blink (Chrono Boost)  
  121  12:36  Stalker x4  
  129  12:42  Stalker  
  129  12:43  Stalker x2  
  135  12:48  Stalker  
  137  13:01  Nexus  
  137  13:10  High Templar x2  
  137  13:11  Stalker x2  
  144  13:15  Archon  
  144  13:17  Stalker x2  
  136  13:32  Stalker x2  
  124  13:41  Stalker x6  
  109  13:53  Disruptor (Chrono Boost)  
  112  14:08  Stalker x3  
  118  14:11  Stalker  
  110  14:27  Stalker  
  110  14:28  Stalker x3  
  95  14:33  Stalker  
  95  14:38  Zealot x2  
  95  14:49  Zealot x3  
  101  14:53  Stalker  
  101  14:54  Stalker  
  93  15:08  Stalker x4  
  95  15:15  Stalker  
  93  15:27  Stalker x3  
  95  15:34  Stalker x2  
  95  15:35  Stalker  
  99  15:45  Stalker  
  99  15:46  Stalker x2  
  101  16:02  Zealot x5  
  95  16:13  Stalker x2  
  99  16:22  Stalker x2  
  98  16:36  Zealot x2  
Show
View Real Time Build Order
Export as new Build Order

DRG Zerg - Winner!

Build Orders: Hatch First 

Get SALT Encoding   

  12  0:00  Drone  
  13  0:12  Overlord  
  13  0:16  Drone  
  14  0:30  Drone x2  
  14  0:33  Drone  
  17  0:54  Hatchery  
  17  0:55  Drone  
  17  0:58  Drone  
  18  1:10  Extractor  
  17  1:13  Spawning Pool  
  17  1:15  Drone  
  17  1:20  Drone  
  18  1:27  Drone  
  19  1:38  Drone  
  20  1:48  Overlord  
  20  2:00  Queen  
  22  2:06  Queen  
  22  2:07  Zergling x4  
  26  2:10  Metabolic Boost  
  26  2:12  Drone  
  27  2:16  Drone  
  27  2:21  Drone  
  29  2:27  Drone  
  30  2:33  Drone  
  31  2:42  Drone, Hatchery  
  31  2:47  Queen  
  33  2:51  Overlord  
  33  2:53  Drone  
  33  2:56  Drone  
  35  2:59  Drone  
  35  3:04  Overlord  
  36  3:12  Drone x3  
  38  3:14  Zergling x2  
  38  3:17  Drone  
  40  3:23  Queen  
  42  3:28  Drone  
  42  3:32  Overlord  
  43  3:39  Queen  
  45  3:41  Overlord  
  45  3:50  Spore Crawler, Overlord  
  45  3:52  Zergling x4, Spore Crawler  
  45  3:57  Queen  
  47  4:03  Zergling x6  
  47  4:06  Drone x2  
  52  4:10  Drone x2  
  52  4:13  Drone x2  
  52  4:15  Drone  
  57  4:23  Overlord  
  56  4:24  Drone  
  56  4:29  Drone x4  
  60  4:36  Drone  
  60  4:37  Roach Warren  
  60  4:38  Spore Crawler  
  59  4:40  Drone x2  
  59  4:44  Overlord  
  61  4:46  Drone x2  
  61  4:48  Drone  
  61  4:50  Drone x2  
  66  4:55  Zergling x4  
  66  4:58  Drone x2  
  70  5:02  Drone  
  70  5:04  Lair  
  68  5:07  Drone x4  
  68  5:10  Overlord  
  68  5:13  Overlord  
  72  5:17  Drone  
  72  5:19  Extractor x2  
  72  5:20  Drone x3  
  74  5:22  Drone, Extractor  
  74  5:23  Drone  
  74  5:24  Extractor x2  
  73  5:30  Drone  
  73  5:33  Drone, Hatchery  
  73  5:34  Drone  
  75  5:42  Drone  
  76  5:46  Drone x4  
  76  5:47  Queen  
  82  5:53  Drone, Evolution Chamber  
  82  5:54  Drone  
  83  5:58  Queen  
  83  5:59  Overlord  
  85  6:04  Drone x2, Spire  
  85  6:08  Drone  
  85  6:09  Glial Reconstitution  
  87  6:11  Overlord  
  87  6:15  Overlord  
  87  6:16  Queen  
  89  6:19  Zerg Missile Weapons Level 1  
  89  6:23  Queen  
  91  6:27  Drone x7  
  91  6:30  Overlord  
  97  6:33  Drone x2  
  97  6:37  Overseer, Overlord  
  99  6:43  Queen, Overlord  
  101  6:49  Overlord  
  101  6:52  Drone  
  101  6:53  Queen x2  
  106  6:58  Drone x5  
  106  7:00  Extractor  
  106  7:01  Overlord, Extractor  
  105  7:22  Corruptor x9  
  121  7:32  Corruptor x3  
  121  7:34  Zerg Flyer Armor Level 1  
  121  7:35  Overlord  
  127  7:37  Overseer  
  127  7:50  Corruptor x2  
  131  7:55  Hatchery  
  130  7:58  Corruptor x3  
  130  8:02  Overlord  
  130  8:03  Corruptor  
  138  8:11  Corruptor x2  
  142  8:15  Overlord  
  142  8:17  Corruptor x2  
  146  8:22  Roach x3  
  146  8:23  Roach  
  146  8:26  Overlord  
  154  8:29  Roach x3  
  154  8:33  Zergling x8  
  164  8:40  Zergling x8  
  164  8:41  Zergling x2  
  169  8:42  Overlord  
  169  8:43  Zerg Missile Weapons Level 2  
  169  8:59  Ravager  
  169  9:00  Ravager x6, Roach  
  178  9:07  Zergling x20  
  188  9:13  Roach x6  
  194  9:29  Zerg Flyer Weapons Level 1  
  194  9:30  Roach x12  
  198  9:37  Roach  
  198  9:38  Roach x3  
  194  9:41  Queen  
  183  9:48  Roach x6  
  180  9:54  Roach x3  
  180  9:57  Roach  
  180  9:58  Roach  
  176  10:03  Roach x4  
  176  10:05  Zergling x4  
  172  10:11  Ravager x2  
  172  10:12  Ravager x6  
  180  10:15  Zergling x6  
  180  10:21  Zergling x10  
  188  10:35  Roach x8  
  170  10:44  Roach x6  
  170  10:49  Ravager x6  
  187  10:52  Zergling x2  
  187  10:56  Zergling x14, Baneling Nest  
  192  11:14  Roach x8  
  184  11:20  Zergling x18  
  191  11:29  Zergling x14  
  191  11:32  Zerg Melee Weapons Level 1  
  190  11:33  Zerg Flyer Armor Level 2  
  190  11:36  Ravager x2  
  190  11:37  Ravager x4  
  196  11:42  Centrifugal Hooks  
  196  11:47  Overlord  
  196  11:49  Overlord  
  196  11:54  Zergling x4  
  190  12:08  Zergling x20  
  163  12:17  Roach x9  
  163  12:21  Zergling x2  
  163  12:22  Zergling x16  
  167  12:30  Roach x9  
  167  12:36  Overlord  
  185  12:37  Overseer x2  
  185  12:39  Roach  
  185  12:40  Roach  
  185  12:41  Baneling  
  189  12:46  Extractor  
  189  12:47  Zergling x14  
  195  12:52  Baneling x12  
  195  12:53  Overseer  
  195  13:00  Ravager x4  
  199  13:06  Baneling x18  
  162  13:32  Roach x17  
  168  13:40  Roach x4  
  142  13:48  Roach x6  
  142  13:54  Queen  
  142  13:55  Queen  
  138  13:56  Ravager x4  
  138  13:57  Ravager x2  
  138  13:58  Ravager  
  145  14:03  Queen  
  145  14:06  Zergling x8  
  149  14:10  Ravager x4  
  149  14:11  Queen  
  152  14:22  Roach x6  
  141  14:26  Roach x2  
  141  14:28  Zergling x6  
  129  14:31  Roach  
  129  14:33  Zergling x6  
  129  14:38  Ravager x2  
  133  14:39  Roach x3  
  135  14:47  Roach x3  
  135  14:51  Zergling x8  
  139  14:55  Ravager x5  
  139  15:02  Roach x4  
  139  15:04  Zergling x4  
  146  15:10  Zergling x12  
  146  15:13  Zergling x6  
  149  15:17  Zergling x2  
  149  15:18  Zergling x8  
  153  15:22  Zergling x8  
  153  15:27  Zergling x10  
  162  15:31  Zergling x4  
  163  15:36  Zergling x4  
  163  15:37  Zergling x2  
  163  15:42  Zergling x4  
  166  15:49  Extractor  
  162  16:01  Mutalisk x9  
  166  16:06  Zergling x10  
  169  16:12  Mutalisk x3  
  169  16:14  Zergling x4  

Tags
 
Add a new tag
Caveats
  • Supply blocks, unpowered buildings, or Contaminate may cause inaccurate times.
  • Supply counts are checked every 10 seconds.